 Seeded DCSS version 0.30.0-11-gf55b779eaf (webtiles) character file.

Game seed: 5 (custom seed)

728 Kazon the Cutter (level 7, -6/53 HPs)
             Began as a Demonspawn Gladiator on May 16, 2023.
             Was a Follower of Okawaru.
             Mangled by a gnoll
             ... wielding a +0 flail
              (7 damage)
             ... on level 5 of the Dungeon.
             The game lasted 00:20:45 (3448 turns).

Kazon the Cutter (Demonspawn Gladiator)             Turns: 3448, Time: 00:20:45

Health: -6/53      AC:  4    Str: 14    XL:     7   Next: 44%
Magic:  0/18       EV: 14    Int: 12    God:    Okawaru [*.....]
Gold:   203        SH: 17    Dex: 20    Spells: 6/6 levels left

rFire   . . .        e - +2 dagger (vamp)
rCold   . . .        c - +0 tower shield
rNeg    . . .        b - +0 leather armour
rPois   .            (helmet unavailable)
rElec   .            (no cloak)
rCorr   .            (no gloves)
SInv    +            (no boots)
Will    .....        B - amulet of guardian spirit
Stlth   +++          s - ring of magical power
HPRegen 0.28/turn    y - +6 ring of dexterity
MPRegen 0.16/turn

%: guardian spirit
@: heroic
A: antennae 3, rugged brown scales 1, powered by death 1
a: Renounce Religion, Heroism


You were on level 5 of the Dungeon.
You worshipped Okawaru.
Okawaru was aware of your devotion.
You visited 2 branches of the dungeon, and saw 6 of its levels.

You collected 203 gold pieces.

Inventory:

Hand Weapons
 a - a +0 rapier
 e - a +2 vampiric dagger (weapon)
 f - a +0 hand axe of flaming
 w - the +2 sling "Qeuhanocyt" {speed, rElec Str-3 Dex+2}
   (You found it on level 3 of the Dungeon)

   Str:       It affects your strength (-3).
   Dex:       It affects your dexterity (+2).
   rElec:     It insulates you from electricity.
Missiles
 d - 3 throwing nets
 m - a stone (quivered)
 q - 5 poisoned darts
 r - a javelin
 A - 2 boomerangs
Armour
 b - a +0 leather armour (worn)
 c - a +0 tower shield (worn)
Jewellery
 s - a ring of magical power (left hand)
 y - a +6 ring of dexterity (right hand)
 B - an amulet of guardian spirit (around neck)
Wands
 n - a wand of paralysis (8)
Scrolls
 h - a scroll of vulnerability {unknown}
 i - 2 scrolls of teleportation {unknown}
 j - a scroll of acquirement {unknown}
 k - a scroll of summoning {unknown}
 l - a scroll of amnesia {unknown}
 o - a scroll of magic mapping
Potions
 g - a potion of curing
 p - a potion of lignification {unknown}
 t - a potion of flight
 u - a potion of berserk rage {unknown}
 v - 2 potions of invisibility
 x - a potion of heal wounds
 z - a potion of attraction {unknown}


   Skills:
 + Level 3.1(8.1) Fighting
 + Level 4.4(9.4) Short Blades
 * Level 0.4(5.4) Axes
 + Level 0.7(5.7) Ranged Weapons
 + Level 2.0(7.0) Throwing
 + Level 2.3(7.3) Armour
 + Level 4.1(9.1) Dodging
 + Level 1.3(6.3) Stealth
 + Level 3.0(8.0) Shields
 * Level 3.0 Invocations


You had 6 spell levels left.
You didn't know any spells.
Your spell library contained the following spells:

 Spells                   Type           Power      Damage    Failure   Level
 Frozen Ramparts          Ice            0%         1d1       100%        3
 Ice Form                 Ice/Tmut       0%         N/A       100%        4
 Summon Ice Beast         Ice/Summ       Unusable   N/A       N/A         4

Dungeon Overview and Level Annotations

Branches:
Dungeon (5/15)             Temple (1/1) D:4

Altars:
Dithmenos
Fedhas
Gozag
Hepliaklqana
Okawaru
Qazlal
Trog
Uskayaw
Wu Jian


Innate Abilities, Weirdness & Mutations

You have a pair of large antennae on your head. (SInv)
You are partially covered in rugged brown scales. (AC +1, +3% HP)
You regenerate a little health from kills.


Message History

You block the ogre's attack. You block the gnoll's attack.
You hit the gnoll.
The gnoll is lightly wounded.
You block the ogre's attack. The gnoll completely misses you.
You block the gnoll's attack.
You closely miss the gnoll.
The gnoll is severely wounded.
You block the gnoll's attack. You block the ogre's attack.
The gnoll hits you with a +0 spear.
You hit the gnoll.
You feel better.
The gnoll is almost dead.
You block the gnoll's attack. x2
A gnoll comes into view. It is wielding a +0 whip.
The gnoll hits you with a +0 spear.
The ogre hits you with a +0 giant spiked club!
You barely miss the gnoll.
The gnoll is almost dead.
You block the gnoll's attack. The gnoll hits you with a +0 flail!
The gnoll hits you with a +0 spear.
The gnoll shouts!
You hit the gnoll but do no damage.
The gnoll is almost dead.
The gnoll hits you but does no damage. You block the gnoll's attack. x2
The ogre barely misses you. You block the gnoll's attack.
The gnoll hits you from afar with a +0 spear.
The gnoll hits you but does no damage.
You closely miss the gnoll.
The gnoll is almost dead.
The ogre closely misses you. You block the gnoll's attack. x2
The gnoll hits you with a +0 spear.
You gain the combat prowess of a mighty hero.
You block the gnoll's attack. x2
The ogre hits you with a +0 giant spiked club!!
Ouch! That really hurt!
* * * LOW HITPOINT WARNING * * *
The gnoll closely misses you.
You barely miss the gnoll.
The gnoll is almost dead.
The gnoll hits you with a +0 flail!
You die...

#........
#.......
#.......
#......
#.....#
#...gg#
#...Og#
#...g@######
.....
##+##......#
.....#
#......#
.....+
#......#
.....#
#......#
.....#
#......#
.....#
#......#
.....+
#......#
.....#
#......#


You could see an ogre and 4 gnolls.

Vanquished Creatures
  Sigmund (D:4)
  2 black bears (D:4)
  A scorpion (D:4)
  2 hounds (D:5)
  A jelly (D:5)
  3 iguanas
  7 adders
  An ufetubus (D:4)
  3 worms
  6 orcs
  4 bats
  9 endoplasms
  A giant cockroach (D:1)
  12 goblins
  7 hobgoblins
  11 jackals
  3 kobolds
  3 quokkas (D:4)
  6 ball pythons
  3 frilled lizards
  4 rats
90 creatures vanquished.

Notes
Turn   | Place    | Note
-------+----------+-------------------------------------------
     0 | D:1      | Kazon the Demonspawn Gladiator began the quest for the Orb.
     0 | D:1      | Reached XP level 1. HP: 16/16 MP: 1/1
   350 | D:1      | Gained mutation: You have a pair of small antennae on your
                  | head. [demonic ancestry]
   350 | D:1      | Reached XP level 2. HP: 22/22 MP: 2/2
   708 | D:1      | Gained mutation: You are partially covered in rugged brown
                  | scales. (AC +1, +3% HP) [demonic ancestry]
   708 | D:1      | Reached XP level 3. HP: 23/28 MP: 3/3
  1118 | D:2      | Reached skill level 1 in Armour
  1237 | D:2      | Reached XP level 4. HP: 14/35 MP: 4/4
  1978 | D:3      | Reached skill level 1 in Shields
  1981 | D:3      | Found a blossoming altar of Fedhas.
  2134 | D:3      | Found a stormy altar of Qazlal.
  2233 | D:3      | Found a faded altar of an unknown god.
  2254 | D:3      | Identified the +2 sling "Qeuhanocyt" {speed, rElec Str-3
                  | Dex+2}
  2513 | D:4      | Noticed a scorpion
  2518 | D:4      | Killed a scorpion
  2519 | D:4      | Gained mutation: You regenerate a little health from kills.
                  | [demonic ancestry]
  2519 | D:4      | Reached XP level 5. HP: 40/40 MP: 5/5
  2688 | D:4      | Found a staircase to the Ecumenical Temple.
  2697 | Temple   | Entered the Ecumenical Temple
  2714 | Temple   | Became a worshipper of Warmaster Okawaru
  2905 | D:4      | Noticed Sigmund
  2922 | D:4      | Killed Sigmund
  2923 | D:4      | Reached skill level 1 in Stealth
  2923 | D:4      | Reached skill level 1 in Invocations
  2923 | D:4      | Gained mutation: You have a pair of antennae on your head.
                  | [demonic ancestry]
  2923 | D:4      | Reached XP level 6. HP: 23/47 MP: 7/7
  3067 | D:4      | Reached * piety under Okawaru
  3068 | D:4      | Gained mutation: You have a pair of large antennae on your
                  | head. (SInv) [demonic ancestry]
  3068 | D:4      | Reached XP level 7. HP: 23/53 MP: 8/8
  3196 | D:4      | Found a hazy altar of Hepliaklqana.
  3199 | D:4      | Found a shadowy altar of Dithmenos.
  3199 | D:4      | Noticed a shadow
  3234 | D:5      | Entered Level 5 of the Dungeon
  3447 | D:5      | HP: 1/53 [ogre/+0 giant spiked club (27)]
  3448 | D:5      | Mangled by a gnoll

Illustrated notes

Levels and vault maps discovered:
D:1:      ebering_trefoil_3fold, layout_basic, st_stairs_14, serial_bayou_ford_a
D:2:      layout_basic, hangedman_decor_growths, minmay_close_crescents
D:3:      layout_rooms, mainiacjoe_overflow_concentric_impassable,
          mainiacjoe_overflow_paths, shapermc_ecumenical_altar_acropolis,
          chequers_serial_rivers_micro_b
D:4:      layout_basic, riverfiend_overflow_shadow_ancestor,
          minmay_temple_entry_glass, uniq_sigmund
D:5:      layout_gridville
Temple:   nicolae_temple_elliptical

Skill      XL: |  1  2  3  4  5  6  7 |
---------------+----------------------+-----
Short Blades   | 3 4 |  4.4
Dodging        | 3 4 |  4.1
Armour         | 1 2 |  2.3
Shields        | 1 2 3 |  3.0
Throwing       | 2 |  2.0
Stealth        | 1 |  1.3
Invocations    | 1 2 3 |  3.0
Fighting       | 3 |  3.1
Axes           | |  0.4
Ranged Weapons | |  0.7

Action                     |  1- 3 |  4- 6 |  7- 9 || total
---------------------------+-------+-------+-------++-------
  Melee: Rapier            |   133 |    80 |       ||   213
         Dagger            |       |   111 |    54 ||   165
   Fire: Sling             |       |     7 |    11 ||    18
  Throw: Boomerang         |    21 |     7 |       ||    28
         Stone             |     1 |    11 |     9 ||    21
 Invoke: Heroism           |       |       |     1 ||     1
    Use: Potion            |     3 |     2 |       ||     5
         Scroll            |       |       |     6 ||     6
   Stab: Sleeping          |       |     2 |       ||     2
 Armour: Leather armour    |    66 |    52 |     8 ||   126
  Dodge: Dodged            |    55 |    68 |    19 ||   142
  Block: Tower shield      |    82 |   132 |    55 ||   269
